 Dungeon Crawl Stone Soup version 0.29-a0-997-gf6f7e2dfe7 (webtiles) character file.

Game seed: 8278100918280785608

422 xian the Cudgeller (level 6, -3/53 HPs)
             Began as a Minotaur Fighter on Aug 5, 2022.
             Slain by an ogre
             ... wielding a +0 giant spiked club
              (25 damage)
             ... on level 4 of the Dungeon.
             The game lasted 00:06:24 (3568 turns).

xian the Cudgeller (Minotaur Fighter)               Turns: 3568, Time: 00:06:25

Health: -3/53      AC:  9    Str: 23    XL:     6   Next: 63%
Magic:  0/5        EV: 10    Int:  5    God:
Gold:   210        SH:  4    Dex:  9    Spells: 5/5 levels left

rFire   . . .      SeeInvis .   a - +0 flail
rCold   . . .      Faith    .   c - +0 buckler
rNeg    . . .      Spirit   +   m - +2 ring mail {rPois}
rPois   +          Reflect  .   (helmet restricted)
rElec   .          Harm     .   i - +0 cloak
rCorr   .          Rampage  .   (no gloves)
Will    .....                   (no boots)
Stlth   ..........              k - amulet of guardian spirit
HPRegen 0.17/turn               (no ring)
MPRegen 0.09/turn               (no ring)

@: no status effects
A: horns 2, retaliatory headbutt
a: no special abilities


You were on level 4 of the Dungeon.
You visited 1 branch of the dungeon, and saw 4 of its levels.

You collected 210 gold pieces.

Inventory:

Hand Weapons
 a - a +0 flail (weapon)
Missiles
 l - 5 poisoned darts (quivered)
Armour
 c - a +0 buckler (worn)
 i - a +0 cloak (worn)
 m - a +2 ring mail of poison resistance (worn)
Jewellery
 k - an amulet of guardian spirit (around neck)
Scrolls
 e - a scroll of enchant weapon {unknown}
 g - 2 scrolls of immolation
 h - a scroll of identify {unknown}
 j - a scroll of enchant armour {unknown}
 n - a scroll of fog {unknown}
 q - a scroll of teleportation {unknown}
 r - a scroll of blinking {unknown}
 t - a scroll of fear {unknown}
Potions
 b - a potion of cancellation {unknown}
 d - a potion of might
 f - 4 potions of curing {unknown}
 o - a potion of mutation {unknown}
 p - a potion of magic {unknown}
 s - a potion of heal wounds {unknown}


   Skills:
 + Level 4.5 Fighting
 + Level 6.0 Maces & Flails
 + Level 5.6 Armour
 + Level 1.4 Dodging
 + Level 0.3 Stealth
 + Level 4.3 Shields


You had 5 spell levels left.
You didn't know any spells.
Your spell library contained the following spells:

 Spells                   Type           Power      Damage    Failure   Level
 Ensorcelled Hibernation  Hex/Ice        0%         N/A       85%         2
 Inner Flame              Hex/Fire       0%         N/A       97%         3
 Spider Form              Tmut/Pois      0%         N/A       97%         3
 Anguish                  Hex/Necr       0%         N/A       100%        4
 Cause Fear               Hex            0%         N/A       100%        4
 Discord                  Hex            0%         N/A       100%        8


Dungeon Overview and Level Annotations

Branches:
Dungeon (4/15)
 Temple: D:4-7

Altars:


Innate Abilities, Weirdness & Mutations

You have a pair of horns on your head.
You reflexively headbutt those who attack you in melee.


Message History

You hit the kobold.
You kill the kobold!
Things that are here:
a +0 club; 2 stones
There is an escape hatch in the ceiling here.
Found a robe.
You now have 204 gold pieces (gained 11).
You now have 210 gold pieces (gained 6).
An ogre comes into view. It is wielding a +0 giant club.
Found a robe.
The ogre shouts!
An ogre is nearby!
An ogre is nearby!
You block the ogre's attack.
An ogre comes into view. It is wielding a +0 giant spiked club.
You sock the ogre!
The ogre is moderately wounded.
The ogre barely misses you.
You barely miss the ogre.
You headbutt the ogre, but do no damage.
The ogre is moderately wounded.
You hit the ogre. You headbutt the ogre.
The ogre is severely wounded.
The ogre hits you with a +0 giant club!!
You closely miss the ogre. Your headbutt misses the ogre.
The ogre is severely wounded.
The ogre closely misses you.
You hit the ogre.
The ogre is severely wounded.
The ogre barely misses you.
You sock the ogre!
You kill the ogre!
Your Maces & Flails skill increases to level 6!
You sock the ogre!
The ogre is moderately wounded.
The ogre hits you with a +0 giant spiked club!
You sock the ogre! You headbutt the ogre.
The ogre is severely wounded.
The ogre hits you with a +0 giant spiked club!!
You die...

#........#
#.#
#..#######
#.# #.##
#.## #.#
#..## ##.#
#...##
#..#
##....
#..####.##
##....
#......#
##.....
###...@#
##(.###.
#.###O#
##.### ##
#. #.#
##..# # #.
#.# #..##
# . #.#
##..# # [
.# ##.###
## .
##†.###. #
##.....
##...#


You could see an ogre.

Vanquished Creatures
  Sigmund (D:2)
  An ogre (D:4)
  Jessica (D:3)
  8 adders
  3 dart slugs
  4 orcs (D:3)
  8 ball pythons
  8 bats
  3 endoplasms
  4 giant cockroaches
  2 hobgoblins (D:1)
  7 jackals
  2 quokkas (D:1)
  2 frilled lizards (D:3)
  5 goblins
  6 kobolds
  5 rats
70 creatures vanquished.

Vanquished Creatures (others)
  A plant (D:3)
1 creature vanquished.

Grand Total: 71 creatures vanquished

Notes
Turn   | Place    | Note
-------+----------+-------------------------------------------
     0 | D:1      | xian the Minotaur Fighter began the quest for the Orb.
     0 | D:1      | Reached XP level 1. HP: 19/19 MP: 0/0
   150 | D:1      | Found a faded altar of an unknown god.
   203 | D:1      | Reached XP level 2. HP: 21/27 MP: 1/1
   728 | D:1      | Reached XP level 3. HP: 33/33 MP: 2/2
  1187 | D:2      | Reached skill level 3 in Maces & Flails
  1529 | D:2      | Noticed Sigmund
  1564 | D:3      | Reached XP level 4. HP: 39/40 MP: 3/3
  1596 | D:2      | Killed Sigmund
  1597 | D:2      | Reached skill level 5 in Maces & Flails
  1597 | D:2      | Reached skill level 1 in Dodging
  1597 | D:2      | Reached XP level 5. HP: 35/47 MP: 4/4
  1761 | D:2      | Reached skill level 5 in Armour
  2171 | D:3      | Reached XP level 6. HP: 53/53 MP: 5/5
  2270 | D:3      | Noticed Jessica
  2275 | D:3      | Killed Jessica
  3567 | D:4      | Reached skill level 6 in Maces & Flails
  3568 | D:4      | Slain by an ogre

Illustrated notes

Levels and vault maps discovered:
D:1:      kilobyte_arrival_exit_the_forest, layout_basic,
          hellmonk_ecumenical_altar_blasted, st_stairs_14,
          chequers_serial_rivers_micro_e
D:2:      layout_rooms, serial_glass, glass_columns_b, glass_columns_a,
          glass_columns_b, glass_columns_c, amcnicky_mini_rare_corridor_liquid,
          dreamdust_princess_bridge, uniq_sigmund
D:3:      layout_basic, nrook_mini_backslash, st_stairs_9, serial_bayou_lake_a,
          uniq_jessica
D:4:      layout_layer_cave

Skill      XL: |  1  2  3  4  5  6 |
---------------+-------------------+-----
Shields        | 4 |  4.3
Armour         | 4 5 |  5.6
Fighting       | 4 |  4.5
Maces & Flails | 3 5 6 |  6.0
Dodging        | 1 |  1.4
Stealth        | |  0.3

Action                   |  1- 3 |  4- 6 || total
-------------------------+-------+-------++-------
Melee: Flail             |    90 |    73 ||   163
       Headbutt          |    11 |    12 ||    23
Armor: Scale mail        |    74 |    17 ||    91
       Ring mail         |       |    18 ||    18
Dodge: Dodged            |    62 |    28 ||    90
Block: Buckler           |    21 |    12 ||    33

Table legend: (Time is in decaauts)
 A = Elapsed time spent in this place.
 B = Non-inter-level travel time spent in this place.
 C = Inter-level travel time spent in this place.
 D = Time resting spent in this place.
 E = Time spent auto-exploring this place.
 F = Levels seen in this place.
 G = Mean time per level.
                   A        B        C        D        E       F      G
               +--------+--------+--------+--------+--------+-----+--------+
         Total |   3640 |   3519 |    121 |      0 |   2788 |   4 |  910.0 |
       Dungeon |   3640 |   3519 |    121 |      0 |   2788 |   4 |  910.0 |
               +--------+--------+--------+--------+--------+-----+--------+

Top non-repeatable levels by time:
     D:1: 1204 daAuts
     D:2: 848 daAuts
     D:4: 844 daAuts
     D:3: 743 daAuts
